 Dungeon Crawl Stone Soup version 0.31-a0-263-ge8cad7f256 (webtiles) character file.

Game seed: 13023080951713704946

76 qw the Shooter (level 4, -4/36 HPs)
             Began as a Minotaur Hexslinger on July 13, 2023.
             Slain by a river rat (5 damage)
             ... while paralysed by Grinder
             ... on level 3 of the Dungeon.
             The game lasted 00:00:36 (1816 turns).

qw the Shooter (Minotaur Hexslinger)                Turns: 1816, Time: 00:00:36

Health: -4/36      AC:  5    Str: 12    XL:     4   Next: 12%
Magic:  4/4        EV:  2    Int: 10    God:
Gold:   88         SH:  0    Dex: 15    Spells: 4/5 levels left

rFire   . . .        Y - +2 sling
rCold   . . .        (no shield)
rNeg    . . .        j - +0 ring mail
rPois   .            (helmet restricted)
rElec   .            (no cloak)
rCorr   .            (no gloves)
SInv    .            (no boots)
Will    .....        (no amulet)
Stlth   +            (no ring)
HPRegen 0.26/turn    (no ring)
MPRegen 0.09/turn

%: no passive effects
@: paralysed
A: horns 2, retaliatory headbutt
a: no special abilities


You were on level 3 of the Dungeon.
You visited 1 branch of the dungeon, and saw 3 of its levels.

You collected 88 gold pieces.


Innate Abilities, Weirdness & Mutations

You have a pair of horns on your head.
You reflexively headbutt those who attack you in melee.


   Skills:
 - Level 2.0 Fighting
 + Level 4.5 Ranged Weapons
 - Level 1.0 Armour
 - Level 2.1 Dodging
 - Level 1.0 Spellcasting
 - Level 2.0 Hexes


You had 4 spell levels left.
You knew the following spells:

 Your Spells              Type           Power      Damage    Failure   Level
a - Slow                  Hex            16%        N/A       34%         1

Your spell library contained the following spells:

 Spells                   Type           Power      Damage    Failure   Level
 Inner Flame              Hex/Fire       2%         N/A       83%         3
 Portal Projectile        Hex/Tloc       4%         N/A       83%         3
 Cause Fear               Hex            2%         N/A       98%         4

Inventory:

Hand Weapons
 Y - a +2 sling (weapon)
Armour
 j - a +0 ring mail (worn)
Potions
 b - a potion of curing {unknown}
 d - a potion of cancellation {unknown}
 g - a potion of haste {unknown}
 h - a potion of ambrosia {unknown}
 i - a potion of lignification {unknown}

Dungeon Overview and Level Annotations

Branches:
Dungeon (3/15)

Altars:

Annotations:
D:3 Grinder


Message History

Done exploring.
(D) Dungeon
Where to? (* - list waypoints, Enter - D:3, ? - help)
What level of the Dungeon? (default 1, ? - help)
You climb downwards.
You hear the sound of rushing water.
There is an entrance to a sewer on this level.
Hurry and find it before the portal rusts away!
You hear the slow rusting of a drain very nearby.
There is a stone staircase leading up here.
A worm, Grinder and an endoplasm come into view.
Grinder shouts!
The endoplasm quivers.
Grinder says, "DUCK!"
You shoot a sling bullet. The sling bullet hits the endoplasm.
The endoplasm is almost dead.
You shoot a sling bullet. The sling bullet hits Grinder.
Grinder is lightly wounded.
You shoot a sling bullet.
The sling bullet hits Grinder but does no damage.
Grinder is lightly wounded.
Grinder hits you.
You writhe in agony.
You shoot a sling bullet. The sling bullet hits Grinder.
Grinder is moderately wounded.
Grinder hits you.
A river rat comes into view.
You shoot a sling bullet.
The sling bullet barely misses the endoplasm.
Grinder grins, showing sharp teeth.
Grinder gestures at you.
You suddenly lose the ability to move!
The endoplasm freezes you.
You are frozen.
The endoplasm freezes you.
You are frozen.
Grinder hits you.
You writhe in agony.
The endoplasm hits you. Grinder hits you.
You writhe in agony.
Grinder gestures at you. Pain shoots through your body!
The endoplasm freezes you.
You are frozen.
The river rat bites you.
You die...

.~~~~~...... #.
.~~~.......
#.............
##.. ..........
.....#....?....
#..w#....>....
#...Jr.......
#5@.......
##...###### .
#..##.# #
....###.###...#
.......<....###
............#
##.#...#.......
#....# ..[....
...... .......


You could see Grinder, a worm, a river rat and an endoplasm.

Vanquished Creatures
  2 adders (D:2)
  2 worms (D:2)
  5 endoplasms
  3 giant cockroaches
  4 goblins
  4 hobgoblins
  3 jackals (D:2)
  4 kobolds
  3 quokkas
  6 ball pythons
  5 bats
  2 frilled lizards (D:2)
  5 rats (D:1)
48 creatures vanquished.

Notes
Turn   | Place    | Note
-------+----------+-------------------------------------------
     0 | D:1      | qw the Minotaur Hexslinger began the quest for the Orb.
     0 | D:1      | Reached XP level 1. HP: 16/16 MP: 1/1
     0 | D:1      | 0 ||| qw: Version: 0.3-a-52-g30416fa
     0 | D:1      | 0 ||| qw: Game counter: 7431
     0 | D:1      | 0 ||| qw: Melee chars always use a shield: true
     0 | D:1      | 0 ||| qw: God list: Okawaru
     0 | D:1      | 0 ||| qw: Allow faded altars: false
     0 | D:1      | 0 ||| qw: Do Orc after clearing Dungeon:15 true
     0 | D:1      | 0 ||| qw: Do second Lair branch before Depths: true
     0 | D:1      | 0 ||| qw: Lair rune preference: random
     0 | D:1      | 0 ||| qw: Goals: Normal
     0 | D:1      | 0 ||| PLANNING D:1-11
   134 | D:1      | Reached skill level 3 in Ranged Weapons
   134 | D:1      | Reached XP level 2. HP: 22/23 MP: 2/2
   707 | D:1      | 707 ||| UPGRADING to +0 ring mail.
   717 | D:1      | 717 ||| DROPPING +0 robe.
   718 | D:1      | 718 ||| READING 2 scrolls labelled TORHUH ZUOMP.
   719 | D:1      | 719 ||| READING scroll labelled GATAME YFACIFF.
   720 | D:1      | 720 ||| DRINKING 2 golden potions.
   824 | D:1      | 824 ||| DROPPING scroll of fog.
   825 | D:1      | 825 ||| DROPPING scroll of poison.
   826 | D:1      | 826 ||| DROPPING potion of berserk rage.
   851 | D:2      | Reached XP level 3. HP: 29/29 MP: 3/3
   893 | D:2      | Reached skill level 4 in Ranged Weapons
   989 | D:2      | Reached skill level 1 in Armour
  1720 | D:2      | 1720 ||| READING scroll labelled GURONI QOAPU.
  1721 | D:2      | 1721 ||| READING scroll labelled YPELUUSHRE.
  1722 | D:2      | 1722 ||| READING scroll labelled PADUFEC VARAILUJ.
  1751 | D:3      | 1751 ||| PLANNING SEWER
  1761 | D:3      | 1761 ||| STAIRDANCE
  1764 | D:2      | Reached XP level 4. HP: 26/36 MP: 4/4
  1809 | D:3      | Noticed Grinder
  1814 | D:3      | Paralysed by Grinder for 4 turns
  1815 | D:3      | HP: 8/36 [Grinder (5)]
  1816 | D:3      | HP: 2/36 [Grinder/nerve-wracking pain (7)]
  1816 | D:3      | Slain by a river rat

Levels and vault maps discovered:
D:1:      nzn_arrival_depleted_hourglass, layout_basic
D:2:      minmay_general_purpose_star, layout_loops_ring
D:3:      layout_rooms, portal_sewer_entry_a, glass_columns_a, uniq_sigmund,
          uniq_jessica, uniq_grinder, uniq_natasha

Skill      XL: |  1  2  3 |
---------------+----------+-----
Ranged Weapons | 3 4 |  4.5
Fighting       | 2 |  2.0
Armour         | 1 |  1.0
Dodging        | |  2.1
Spellcasting   | |  1.0
Hexes          | |  2.0

Action                     |  1- 3 |  4- 6 || total
---------------------------+-------+-------++-------
   Fire: Sling             |   132 |     5 ||   137
    Use: Scroll            |     5 |       ||     5
         Potion            |     1 |       ||     1
 Armour: Robe              |     2 |       ||     2
         Ring mail         |    32 |       ||    32
  Dodge: Dodged            |    48 |       ||    48

Table legend:
 A = Non-vault XP
 B = Vault XP
 C = Vault XP percentage of total XP
 D = Non-vault monster count
 E = Vault monster count
 F = Vault count percentage of total count
                 A         B        C        D         E       F
            +---------+---------+-------+---------+---------+-------
      Total |     106 |       3 |   2.8 |      46 |       2 |   4.2
            +---------+---------+-------+---------+---------+-------
        D:1 |      39 |       0 |   0.0 |      24 |       0 |   0.0
        D:2 |      67 |       3 |   4.3 |      22 |       2 |   8.3
            +---------+---------+-------+---------+---------+-------
